 Dungeon Crawl Stone Soup version 0.18-a0-1164-g7046a04 (webtiles) character file.

4067 poirepourri the Nimble (level 10, 0/88 HPs)
             Began as a Green Draconian Berserker on Jan 25, 2016.
             Was a High Priest of Trog.
             Slain by an orc warrior
             ... wielding a +0 glaive
              (17 damage)
             ... on level 9 of the Dungeon.
             The game lasted 00:17:21 (11247 turns).

poirepourri the Nimble (Green Draconian Berserker) Turns: 11247, Time: 00:17:22

Health: 0/88       AC:  9    Str: 25    XL:     10   Next: 5%
Magic:  10/10      EV: 16    Int:  8    God:    Trog [*****.]
Gold:   420        SH:  0    Dex: 11    Spells: 0 memorised, 9 levels left

rFire  . . .     SeeInvis .     a - +2 hand axe
rCold  . . .     Gourm    .     (armour unavailable)
rNeg   . . .     Faith    +     (no shield)
rPois  +         Spirit   .     (helmet restricted)
rElec  .         Dismiss  .     (no cloak)
rCorr  +         Reflect  .     g - +1 pair of gloves
SustAt .         Harm     .     (no boots)
MR     .....                    v - amulet of faith
Stlth  ++........               w - +3 ring of strength
                                r - ring of resist corrosion

@: not resistant to hostile enchantments, unstealthy
A: breathe noxious fumes, unfitting armour, poison resistance, cold-blooded, AC
+7
a: Breathe Noxious Fumes, Berserk, Trog's Hand, Brothers in Arms, Burn
Spellbooks, Renounce Religion


You were on level 9 of the Dungeon.
You worshipped Trog.
Trog was extremely pleased with you.
You were not hungry.

You visited 1 branch of the dungeon, and saw 9 of its levels.

You collected 420 gold pieces.

Inventory:

Hand Weapons
 a - a +2 hand axe (weapon)
 f - a +2 hand axe
Armour
 g - a +1 pair of gloves (worn)
Jewellery
 r - a ring of resist corrosion (left hand)
 t - an uncursed amulet of rage
 v - an amulet of faith (around neck)
 w - a +3 ring of strength (right hand)
 y - an uncursed amulet of dismissal {unknown}
 z - an uncursed ring of protection from fire {unknown}
Wands
 b - a wand of magic darts (7/48)
 j - a wand of fire (10/15)
Scrolls
 e - 5 scrolls of teleportation
 h - 2 scrolls of immolation
 k - a scroll of enchant armour
 p - 2 scrolls of remove curse
Potions
 c - 2 potions of ambrosia
 d - 3 potions of curing
 i - 4 potions of flight
 l - a potion of agility {unknown}
 m - 3 potions of haste
 n - 2 potions of cure mutation
 o - 2 potions of heal wounds {unknown}
 q - 3 potions of brilliance
 s - a potion of resistance {unknown}
 u - 2 potions of might {unknown}
 x - 2 potions of mutation {unknown}
 A - a potion of poison {unknown}


   Skills:
 + Level 7.9 Fighting
 + Level 7.2 Axes
 + Level 9.7 Dodging
 + Level 4.5 Stealth
 - Level 0.4 Evocations


You had 9 spell levels left.
You didn't know any spells.

Dungeon Overview and Level Annotations

Branches:
Dungeon (9/15)             Temple (0/1) D:5
   Lair: D:8-11         Orc: D:9-12

Altars:
Cheibriados
Dithmenos
Gozag
Kikubaaqudgha
Makhleb
Pakellas
Qazlal
Trog
Vehumet
Xom
Yredelemnul
The Shining One


Innate Abilities, Weirdness & Mutations

You can breathe blasts of noxious fumes.
Your lurid green scales are hard (AC +7).
Your body does not fit into most forms of armour.
Your system is resistant to poisons.
You are cold-blooded and may be slowed by cold attacks.


Message History

The orc warrior hits you with a glaive.
You see here a hand axe.
You hit the orc warrior but do no damage.
The orc warrior closely misses you.
You barely miss the orc warrior.
You tail-slap the orc warrior, but do no damage.
You hit the orc warrior but do no damage.
The orc warrior hits you with a glaive!
You hit the orc warrior.
The orc warrior is lightly wounded.
The orc warrior hits you with a glaive!!
You hit the orc warrior.
The orc warrior is lightly wounded.
The orc warrior hits you with a glaive!
* * * LOW HITPOINT WARNING * * *
You fail to use your ability.
The orc warrior barely misses you.
Your ogre goes berserk!
You feel somewhat more hungry.
The orc warrior hits you from afar with a glaive!
You die...

# ..######## ..........
# ..###...## ## .####
#.....# #o###....
##...## #)#O.# ##.##
##@#.# #.# #.###.#.#
#.# #.......# ##'##
###.#...# ##..)##
#.#...## ##.(...#
#......## ##.......
##.......####....?..<
..............+....<...
####.#.....####........


You could see an orc warrior and a friendly ogre (berserk).

Vanquished Creatures
  Sigmund (D:2)
  A steam dragon (D:8)
  A hippogriff (D:8)
  2 orc warriors
  An ice beast (D:5)
  2 sky beasts
  A black bear (D:9)
  4 phantoms
  3 ogres
  5 centaurs
  2 giant frogs
  2 scorpions
  3 killer bees
  3 wights (D:7)
  6 crimson imps
  A hound (D:4)
  3 orc priests
  2 jellies
  6 orc wizards
  A gnoll shaman (D:5)
  An iguana (D:6)
  9 worker ants
  A statue (D:8)
  3 hound zombies (D:6)
  9 gnolls
  16 adders
  2 shadow imps (D:6)
  An ooze (D:7)
  2 adder skeletons
  A worm (D:4)
  5 giant geckos
  19 orcs
  15 bats
  4 giant cockroaches
  11 goblins
  16 hobgoblins
  7 jackals
  2 quokkas (D:8)
  2 ball pythons
  A giant cockroach zombie (D:5)
  9 giant newts
  13 kobolds
  A quokka skeleton (D:5)
  A quokka zombie (D:5)
  6 rats
207 creatures vanquished.

Vanquished Creatures (collateral kills)
  2 hungry ghosts (D:8)
  A soldier ant (D:6)
  An ogre (D:7)
  3 killer bees
  2 hounds (D:8)
  3 worker ants (D:6)
  A giant gecko (D:7)
  An orc (D:8)
  5 giant cockroaches (D:6)
19 creatures vanquished.

Grand Total: 226 creatures vanquished

Notes
Turn   | Place    | Note
--------------------------------------------------------------
     0 | D:1      | poirepourri the Draconian Berserker began the quest for the Orb.
     0 | D:1      | Reached XP level 1. HP: 19/19 MP: 1/1
   202 | D:1      | Reached XP level 2. HP: 17/26 MP: 2/2
   399 | D:1      | Reached ** piety under Trog
  1053 | D:1      | Reached XP level 3. HP: 31/33 MP: 3/3
  1646 | D:2      | Reached skill level 4 in Fighting
  1646 | D:2      | Reached XP level 4. HP: 37/40 MP: 4/4
  1800 | D:2      | Found a bloodstained altar of Trog.
  1904 | D:2      | Reached *** piety under Trog
  2017 | D:2      | Noticed Sigmund
  2033 | D:2      | Killed Sigmund
  2033 | D:2      | Reached XP level 5. HP: 11/47 MP: 5/5
  2480 | D:2      | Reached XP level 6. HP: 53/53 MP: 6/6
  2546 | D:3      | Reached skill level 5 in Dodging
  2579 | D:3      | Found a shimmering altar of Xom.
  2596 | D:3      | Reached skill level 1 in Stealth
  2642 | D:3      | Found a shimmering altar of Xom.
  3134 | D:4      | Reached **** piety under Trog
  3520 | D:4      | Reached skill level 5 in Fighting
  3619 | D:4      | Reached XP level 7. HP: 26/61 MP: 7/7
  3619 | D:4      | Your scales start taking on a lurid green colour.
  3619 | D:4      | Gained mutation: Your system is resistant to poisons. [Green Draconian growth]
  4132 | D:5      | Entered Level 5 of the Dungeon
  4370 | D:5      | Reached skill level 6 in Dodging
  4408 | D:5      | Found a shadowy altar of Dithmenos.
  5116 | D:5      | Found an opulent altar of Gozag.
  5172 | D:5      | Found a staircase to the Ecumenical Temple.
  5248 | D:5      | Reached ***** piety under Trog
  5500 | D:5      | Reached XP level 8. HP: 36/70 MP: 8/8
  5514 | D:5      | Reached skill level 5 in Axes
  6348 | D:6      | Reached skill level 7 in Dodging
  6375 | D:6      | Found a stormy altar of Qazlal.
  6377 | D:6      | Found a snail-covered altar of Cheibriados.
  6377 | D:6      | Found a basalt altar of Yredelemnul.
  6461 | D:6      | Found a runed door.
  6474 | D:6      | Found a runed door.
  6690 | D:6      | Found a burning altar of Makhleb.
  6690 | D:6      | Found an oddly glowing altar of Pakellas.
  7468 | D:6      | Reached XP level 9. HP: 46/78 MP: 9/9
  7883 | D:7      | Reached skill level 8 in Dodging
  8662 | D:7      | Found an ancient bone altar of Kikubaaqudgha.
  9604 | D:8      | Found a burning altar of Makhleb.
  9904 | D:8      | Received a gift from Trog
  9904 | D:8      | Reached skill level 9 in Dodging
 10381 | D:8      | Found a radiant altar of Vehumet.
 10909 | D:8      | Reached XP level 10. HP: 63/88 MP: 10/10
 11194 | D:9      | Found a glowing golden altar of the Shining One.
 11247 | D:9      | Slain by an orc warrior

Vault maps used:
D:1:      elethiomel_arrival_maze, st_stairs_9
D:2:      bloody_trog, uniq_sigmund
D:3:      xom_redecorated, first_bread, minmay_close_crescents
D:5:      grunt_dithmenos_shadows, kennysheep_mini_moat,
          minmay_temple_entry_junction
D:6:      lemuel_insect_pit, nicolae_overflow_hidden_temple
D:7:      kennysheep_little_box
D:8:      wad_arrow_thing, vehumet_statue, serial_glass, glass_columns_a,
          glass_columns_c, basic_altar
D:9:      fedhas_altar_fruit_tree, lemuel_crystal_altar, serial_shops,
          nicolae_shop_waterfront, the_bakery

Action                   |  1- 3 |  4- 6 |  7- 9 | 10-12 || total
-------------------------+-------+-------+-------+-------++-------
Melee: Hand axe          |   142 |   165 |   557 |    34 ||   898
Invok: Berserk           |     1 |     2 |     8 |       ||    11
       Burn Spellbooks   |       |       |     1 |       ||     1
       Brothers in Arms  |       |       |     3 |     1 ||     4
       Trog's Hand       |       |       |     1 |       ||     1
 Abil: Breathe Noxious F |       |       |     6 |       ||     6
Evoke: Wand              |       |       |     5 |       ||     5
  Use: Potion            |     2 |     1 |     2 |       ||     5
       Scroll            |       |     8 |    15 |       ||    23
 Stab: Sleeping          |       |     3 |     3 |       ||     6
       Distracted        |       |       |     1 |       ||     1
       Confused          |       |       |     1 |       ||     1
  Eat: Bread ration      |     1 |       |     2 |       ||     3
       Beef jerky        |       |     1 |       |     1 ||     2
       Meat ration       |       |     1 |     4 |       ||     5
       Fruit             |       |       |     9 |       ||     9
